 Dungeon Crawl Stone Soup version 0.31-a0-208-gdb31a4691d (webtiles) character file.

Game seed: 2392186233592556962

7676 zazu2006 the Spear-Bearer (level 11, -23/83 HPs)
             Began as a Gnoll Wanderer on June 28, 2023.
             Killed by the air
             ... invoked by Gastronok
              (27 damage)
             ... on level 9 of the Dungeon.
             The game lasted 00:19:15 (8846 turns).

zazu2006 the Spear-Bearer (Gnoll Wanderer)          Turns: 8846, Time: 00:19:16

Health: -23/83     AC: 10    Str: 11    XL:     11   Next: 19%
Magic:  18/20      EV: 17    Int: 14    God:
Gold:   237        SH:  9    Dex: 25    Spells: 18/22 levels left

rFire   + . .        g - +8 spear "Koybec" {heavy, rElec Int+3 Stlth+}
rCold   + . .        n - +2 buckler of Hangman {+Blink Will+ Dex+5}
rNeg    . . .        M - +0 steam dragon scales
rPois   .            (no helmet)
rElec   +            w - +0 cloak of Roaheepi {rF+ Dex+3}
rCorr   .            B - +0 pair of gloves
SInv    .            i - +0 pair of boots
Will    +....        m - amulet of magic regeneration
Stlth   +++++        q - ring of protection from cold
HPRegen 0.33/turn    (no ring)
MPRegen 0.57/turn

%: no passive effects
@: no status effects
A: fangs 1, strong nose, distributed training
a: Evoke Blink


You were on level 9 of the Dungeon.
You visited 1 branch of the dungeon, and saw 9 of its levels.

You collected 419 gold pieces.
You spent 182 gold pieces at shops.

Inventory:

Hand Weapons
 a - a +2 dagger
 c - a +0 spear
 g - the +8 spear "Koybec" (weapon) {heavy, rElec Int+3 Stlth+}
   (You bought it in a shop on level 3 of the Dungeon)

   Int:       It affects your intelligence (+3).
   rElec:     It insulates you from electricity.
   Stlth:     It makes you more stealthy.
 I - the +8 frozen axe "Frostbite" {freeze, freezing cloud, *Noise Fly rC+}
   (You found it on level 7 of the Dungeon)

   rC:        It protects you from cold.
   Fly:       It grants you flight.
   *Noise:    It may make noises in combat.
Missiles
 j - 22 poisoned darts
Armour
 i - a +0 pair of boots (worn)
 n - the +2 buckler of Hangman (worn) {+Blink Will+ Dex+5}
   (You found it on level 2 of the Dungeon)

   Dex:       It affects your dexterity (+5).
   +Blink:    It lets you blink.
   Will:      It increases your willpower.
 w - the +0 cloak of Roaheepi (worn) {rF+ Dex+3}
   (You found it on level 4 of the Dungeon)

   Dex:       It affects your dexterity (+3).
   rF:        It protects you from fire.
 B - a +0 pair of gloves (worn)
 M - +0 steam dragon scales (worn)
Jewellery
 m - an amulet of magic regeneration (around neck)
 q - a ring of protection from cold (left hand)
Wands
 r - a wand of mindburst (13)
 s - a wand of acid (4)
 J - a wand of roots (6)
Scrolls
 e - 2 scrolls of blinking
 h - 3 scrolls of teleportation
 k - 9 scrolls of identify
 l - 2 scrolls of noise
 o - 2 scrolls of fear
 p - 3 scrolls of immolation {unknown}
 t - a scroll of vulnerability {unknown}
 x - 2 scrolls of poison {unknown}
 y - a scroll of revelation {unknown}
 K - a scroll of acquirement {unknown}
Potions
 b - 2 potions of brilliance
 u - a potion of enlightenment {unknown}
 v - a potion of cancellation {unknown}
 z - a potion of ambrosia {unknown}
 A - a potion of might
 C - a potion of heal wounds {unknown}
 D - a potion of magic
 E - a potion of attraction
 F - 2 potions of haste {unknown}
 G - a potion of mutation {unknown}
 H - a potion of degeneration {unknown}
 L - 2 potions of curing
Miscellaneous
 d - a piece from Xom's chessboard (15/15) (quivered)


   Skills:
 + Level 6.8 Fighting
 + Level 6.2 Short Blades
 + Level 6.2 Long Blades
 + Level 6.2 Axes
 + Level 6.2 Maces & Flails
 + Level 10.6 Polearms
 + Level 6.2 Staves
 + Level 6.2 Ranged Weapons
 + Level 6.2 Throwing
 + Level 6.2 Armour
 + Level 6.2 Dodging
 + Level 7.6 Stealth
 + Level 6.2 Shields
 + Level 6.2 Unarmed Combat
 + Level 6.2 Spellcasting
 + Level 5.2 Conjurations
 + Level 5.2 Hexes
 + Level 5.2 Summonings
 + Level 5.2 Necromancy
 + Level 5.2 Translocations
 + Level 5.2 Transmutations
 + Level 5.2 Fire Magic
 + Level 5.2 Ice Magic
 + Level 5.2 Air Magic
 + Level 5.2 Earth Magic
 + Level 5.2 Poison Magic
 + Level 6.9 Invocations
 + Level 9.2 Evocations


You had 18 spell levels left.
You knew the following spells:

 Your Spells              Type           Power      Damage    Failure   Level
a - Olgreb's Toxic Radia  Pois           18%        N/A       24%         4

Your spell library contained the following spells:

 Spells                   Type           Power      Damage    Failure   Level
 Apportation              Tloc           36%        N/A       2%          1
 Necrotise                Necr           72%        1d7       2%          1
 Sting                    Tmut/Pois      72%        1d6       2%          1
 Summon Small Mammal      Summ           72%        N/A       2%          1
 Lesser Beckoning         Tloc           36%        N/A       3%          2
 Poisonous Vapours        Pois/Air       36%        N/A       3%          2
 Gell's Gravitas          Tloc           18%        N/A       8%          3
 Teleport Other           Tloc           18%        N/A       8%          3
 Vampiric Draining        Necr           18%        2d7       8%          3
 Agony                    Necr           18%        N/A       56%         5


Dungeon Overview and Level Annotations

Branches:
Dungeon (9/15)             Temple (0/1) D:4            Lair (0/5) D:9
    Orc (0/2) D:9

Altars:
Okawaru
Qazlal
Trog
Wu Jian
Yredelemnul

Shops:
D:2 ?   D:3 ?*(=(   D:6 **=*

Annotations:
D:3 2 runed translucent doors, Lance11888's ghost, weakling OpDe
D:9 Gastronok


Innate Abilities, Weirdness & Mutations

You have very sharp teeth.
Your uncanny sense of smell can sniff out nearby items.
Your experience applies equally to all skills.


Message History

Your toxic aura wanes.
The steam dragon misses you. The steam dragon claws you.
Gastronok waves his eye-stalks in wide circles.
The air twists around and strikes you!
Unknown command.
You puncture the steam dragon!
You kill the steam dragon!
The steam dragon scales are intact enough to wear.
Unknown command.
Unknown command.
Reach: g) +8 spear "Koybec" {heavy, rElec Int+3 Stlth+}
Press: ? - help, Dir - move target, f - Gastronok
Aim: Gastronok, wearing a +0 hat of intelligence (lightly wounded, covering ground quickly, very poisoned, about 5% to evade the +8 spear "Koybec")
You reach to attack!
You puncture Gastronok!
Gastronok is lightly wounded.
Unknown command.
Casting: Olgreb's Toxic Radiance (dangerous; 24% risk of failure)
Confirm with . or Enter, or press ? or * to list all spells.
You begin to radiate toxic energy.
Gastronok looks as sick as possible!
Gastronok waves his eye-stalks in wide circles.
The air twists around and strikes you!!
* * * LOW HITPOINT WARNING * * *
Unknown command.
Unknown command.
You puncture Gastronok!
Gastronok is moderately wounded.
You feel yourself speed up.
Your toxic aura wanes.
Gastronok bites you!!
* * * LOW HITPOINT WARNING * * *
Blink to where?
Press: ? - help, Dir - move target, p - Gastronok
There is a wall there.
Okay, then.
Okay, then.
As you read the scroll of fear, it crumbles to dust.
You assume a fearsome visage.
Gastronok looks frightened!
Gastronok seems to regain his courage.
Gastronok waves his eye-stalks in wide circles.
The air twists around and strikes you!!
You die...

#..# #. ∆ #.###..####
∆ #. #.......... #.
#####.....# #.
#.###.# .... #. #.#
#.##>.. #### ###. #.#
#...... #...########
#.# ####...
#.)..w†@.###.## ##.#
#.?..)######.##...##
###.# .......
#.#.....## #...#
......h #........#
#.### .......
#........# #.#
....o.. #........#
#.# .P.....
.....#.....#####.###
.....oP
..###.##...#.........
..####.#.########


You could see Gastronok (swift, very poisoned).

Vanquished Creatures
  2 two-headed ogres
  Amaemon (D:8)
  Maurice (D:9)
  An orange demon (D:8)
  An ice devil (D:7)
  3 freezing wraiths (D:7)
  A vampire (D:6)
  A wraith (D:9)
  4 yaks (D:4)
  3 steam dragons
  3 wargs (D:9)
  Duvessa (D:6)
  3 water moccasins
  2 orc warriors (D:7)
  2 sky beasts
  2 black bears
  3 kobold brigands
  Blork the orc (D:5)
  2 bullfrogs
  3 scorpions
  A gnoll sergeant (D:8)
  Dowan (D:6)
  6 killer bees
  5 howler monkeys (D:7)
  2 hounds (D:6)
  A jelly (D:8)
  2 orc priests
  A sleepcap (D:5)
  Terence (D:3)
  3 iguanas
  7 orc wizards
  5 gnolls (D:8)
  6 adders
  2 shadow imps
  6 white imps
  An ufetubus (D:4)
  A worm (D:3)
  5 dart slugs
  17 orcs
  9 bats
  8 endoplasms
  9 goblins
  8 hobgoblins
  4 jackals (D:3)
  5 quokkas
  7 ball pythons
  4 frilled lizards
  14 kobolds
  4 rats
185 creatures vanquished.

Notes
Turn   | Place    | Note
-------+----------+-------------------------------------------
     0 | D:1      | zazu2006 the Gnoll Wanderer began the quest for the Orb.
     0 | D:1      | zazu2006 set off with the following items: a +2 dagger, a
                  | potion of brilliance, a +0 spear, a piece from Xom's
                  | chessboard (15/15), a scroll of blinking, a +0 leather
                  | armour.
     0 | D:1      | Reached XP level 1. HP: 17/17 MP: 1/1
   126 | D:1      | Reached XP level 2. HP: 23/23 MP: 2/2
   133 | D:1      | Found a faded altar of an unknown god.
   283 | D:1      | Found an ornate altar of the Wu Jian Council.
   301 | D:1      | Reached XP level 3. HP: 25/28 MP: 3/3
   483 | D:1      | Reached skill level 1 in Invocations
   923 | D:2      | Found Kaumumuy's Magic Scroll Emporium.
   947 | D:2      | Reached skill level 1 in Short Blades
   947 | D:2      | Reached skill level 1 in Long Blades
   947 | D:2      | Reached skill level 1 in Axes
   947 | D:2      | Reached skill level 1 in Maces & Flails
   947 | D:2      | Reached skill level 1 in Staves
   947 | D:2      | Reached skill level 1 in Ranged Weapons
   947 | D:2      | Reached skill level 1 in Throwing
   947 | D:2      | Reached skill level 1 in Armour
   947 | D:2      | Reached skill level 1 in Dodging
   947 | D:2      | Reached skill level 1 in Shields
   947 | D:2      | Reached skill level 1 in Unarmed Combat
   947 | D:2      | Reached skill level 1 in Spellcasting
   952 | D:2      | Bought a scroll of noise for 10 gold pieces
   952 | D:2      | Bought a scroll of identify for 20 gold pieces
  1164 | D:2      | Found a stormy altar of Qazlal.
  1168 | D:2      | Identified the +2 buckler of Hangman {+Blink Will+ Dex+5}
  1207 | D:2      | Reached XP level 4. HP: 26/34 MP: 5/5
  1601 | D:3      | Found Ocix's Magic Scroll Shoppe.
  1617 | D:3      | Found Jottaiso's Assorted Antiques.
  1737 | D:3      | Found Werchaaxo's Antique Weapon Shoppe.
  1739 | D:3      | Noticed Terence
  1778 | D:3      | Killed Terence
  1779 | D:3      | Reached skill level 1 in Conjurations
  1779 | D:3      | Reached skill level 1 in Hexes
  1779 | D:3      | Reached skill level 1 in Summonings
  1779 | D:3      | Reached skill level 1 in Necromancy
  1779 | D:3      | Reached skill level 1 in Translocations
  1779 | D:3      | Reached skill level 1 in Transmutations
  1779 | D:3      | Reached skill level 1 in Fire Magic
  1779 | D:3      | Reached skill level 1 in Ice Magic
  1779 | D:3      | Reached skill level 1 in Air Magic
  1779 | D:3      | Reached skill level 1 in Earth Magic
  1779 | D:3      | Reached skill level 1 in Poison Magic
  1989 | D:3      | Found an iron altar of Okawaru.
  2062 | D:3      | Reached XP level 5. HP: 39/40 MP: 5/7
  2081 | D:3      | Noticed a sky beast
  2088 | D:3      | Found Enoddir's Jewellery Shoppe.
  2096 | D:3      | Killed a sky beast
  2103 | D:3      | Found a large runed translucent door.
  2106 | D:3      | Found a large runed translucent door.
  2108 | D:3      | Noticed Lance11888's ghost (weakling OpDe)
  2173 | D:3      | Found Zeam's Antique Weapon Boutique.
  2248 | D:3      | Found a bloodstained altar of Trog.
  2250 | D:3      | Found an ornate altar of the Wu Jian Council.
  2252 | D:3      | Found a basalt altar of Yredelemnul.
  2560 | D:4      | Found a staircase to the Ecumenical Temple.
  2682 | D:4      | Reached XP level 6. HP: 47/47 MP: 8/8
  2955 | D:4      | Identified the +0 cloak of Roaheepi {rF+ Dex+3}
  3703 | D:4      | Noticed a yak
  3730 | D:5      | Entered Level 5 of the Dungeon
  3834 | D:5      | Noticed a black bear
  4120 | D:3      | Bought a polished spear for 152 gold pieces
  4120 | D:3      | Identified the +8 spear "Koybec" {heavy, rElec Int+3
                  | Stlth+} (You bought it in a shop on level 3 of the Dungeon)
  4186 | D:4      | Killed a yak
  4187 | D:4      | Reached XP level 7. HP: 50/52 MP: 10/10
  4188 | D:4      | Noticed a yak
  4191 | D:4      | Noticed a yak
  4192 | D:4      | Noticed a yak
  4194 | D:4      | Killed a yak
  4195 | D:4      | Reached skill level 9 in Polearms
  4195 | D:4      | Reached skill level 5 in Stealth
  4198 | D:4      | Killed a yak
  4200 | D:4      | Reached XP level 8. HP: 24/60 MP: 10/12
  4205 | D:4      | Killed a yak
  4489 | D:5      | Noticed Blork the orc
  4490 | D:5      | Killed Blork the orc
  4915 | D:6      | Noticed a vampire
  4994 | D:6      | Found Biffy's General Store.
  5256 | D:6      | Noticed Dowan
  5257 | D:6      | Noticed Duvessa
  5286 | D:6      | Killed Duvessa
  5290 | D:6      | Killed Dowan
  5291 | D:6      | Reached XP level 9. HP: 24/66 MP: 14/14
  5440 | D:6      | Found Ciklosch's Assorted Antiques.
  5489 | D:6      | Found Daqivag's Jewellery Boutique.
  5679 | D:6      | Found Loll's Assorted Antiques.
  5687 | D:6      | Reached skill level 5 in Fighting
  5938 | D:7      | Noticed a two-headed ogre
  6063 | D:7      | Killed a two-headed ogre
  6064 | D:7      | Reached skill level 5 in Invocations
  6271 | D:7      | Reached skill level 5 in Short Blades
  6271 | D:7      | Reached skill level 5 in Long Blades
  6271 | D:7      | Reached skill level 5 in Axes
  6271 | D:7      | Reached skill level 5 in Maces & Flails
  6271 | D:7      | Reached skill level 5 in Staves
  6271 | D:7      | Reached skill level 5 in Ranged Weapons
  6271 | D:7      | Reached skill level 5 in Throwing
  6271 | D:7      | Reached skill level 5 in Armour
  6271 | D:7      | Reached skill level 5 in Dodging
  6271 | D:7      | Reached skill level 5 in Shields
  6271 | D:7      | Reached skill level 5 in Unarmed Combat
  6271 | D:7      | Reached skill level 5 in Spellcasting
  6271 | D:7      | Reached XP level 10. HP: 67/76 MP: 17/17
  6349 | D:7      | Reached skill level 10 in Polearms
  7497 | D:7      | Found the +8 frozen axe "Frostbite" {freeze, freezing
                  | cloud, *Noise Fly rC+}
  7823 | D:8      | Noticed Amaemon
  7827 | D:8      | Noticed an orange demon
  7833 | D:8      | Killed Amaemon
  7833 | D:8      | Killed an orange demon
  8585 | D:9      | Noticed Maurice
  8603 | D:9      | Killed Maurice
  8608 | D:9      | Noticed Gastronok
  8623 | D:8      | Reached skill level 5 in Conjurations
  8623 | D:8      | Reached skill level 5 in Hexes
  8623 | D:8      | Reached skill level 5 in Summonings
  8623 | D:8      | Reached skill level 5 in Necromancy
  8623 | D:8      | Reached skill level 5 in Translocations
  8623 | D:8      | Reached skill level 5 in Transmutations
  8623 | D:8      | Reached skill level 5 in Fire Magic
  8623 | D:8      | Reached skill level 5 in Ice Magic
  8623 | D:8      | Reached skill level 5 in Air Magic
  8623 | D:8      | Reached skill level 5 in Earth Magic
  8623 | D:8      | Reached skill level 5 in Poison Magic
  8677 | D:9      | Noticed a two-headed ogre
  8689 | D:9      | Killed a two-headed ogre
  8690 | D:9      | Reached XP level 11. HP: 69/83 MP: 20/20
  8695 | D:9      | Learned a level 4 spell: Olgreb's Toxic Radiance
  8758 | D:9      | Found a staircase to the Orcish Mines.
  8790 | D:9      | Found a staircase to the Lair.
  8844 | D:9      | HP: 4/83 [Gastronok (19)]
  8846 | D:9      | Killed from afar by Gastronok

Illustrated notes

Levels and vault maps discovered:
D:1:      ebering_trefoil_twist, layout_loops_cross,
          shapermc_ecumenical_altar_pompeii, minivault_23, minmay_hexomino_r4
D:2:      layout_basic, serial_shops, shop, basic_altar, minmay_misc_feat_tower
D:3:      layout_basic, grunt_temple_overflow_diamond,
          mainiacjoe_overflow_paths, serial_shops,
          nicolae_shop_just_a_little_nook, nicolae_shop_just_a_little_nook,
          shop, shop, nicolae_shop_peninsula, ebering_ghost_disaster_area,
          kennysheep_nondescript, uniq_terence
D:4:      layout_basic, minmay_temple_entry_mist
D:5:      layout_basic, uniq_blork_the_orc
D:6:      layout_cave_pods, serial_shops, shop, shop, shop, shop, uniq_duvessa
D:7:      layout_gridville, hellmonk_guarded_unrand_frostbite
D:8:      layout_loops_ring, uniq_amaemon
D:9:      layout_loops_ring, erik_lair_orcish_takeover, orc_0_dummy,
          uniq_gastronok, uniq_maurice

Skill      XL: |  1  2  3  4  5  6  7  8  9 10 |
---------------+-------------------------------+-----
Invocations    | 1 2 3 4 5 6 |  6.9
Short Blades   | 1 2 3 5 6 |  6.2
Long Blades    | 1 2 3 5 6 |  6.2
Axes           | 1 2 3 5 6 |  6.2
Maces & Flails | 1 2 3 5 6 |  6.2
Staves         | 1 2 3 5 6 |  6.2
Ranged Weapons | 1 2 3 5 6 |  6.2
Throwing       | 1 2 3 5 6 |  6.2
Armour         | 1 2 3 5 6 |  6.2
Dodging        | 1 2 3 5 6 |  6.2
Shields        | 1 2 3 5 6 |  6.2
Unarmed Combat | 1 2 3 5 6 |  6.2
Spellcasting   | 1 2 3 5 6 |  6.2
Conjurations   | 1 2 3 4 5 |  5.2
Hexes          | 1 2 3 4 5 |  5.2
Summonings     | 1 2 3 4 5 |  5.2
Necromancy     | 1 2 3 4 5 |  5.2
Translocations | 1 2 3 4 5 |  5.2
Transmutations | 1 2 3 4 5 |  5.2
Fire Magic     | 1 2 3 4 5 |  5.2
Ice Magic      | 1 2 3 4 5 |  5.2
Air Magic      | 1 2 3 4 5 |  5.2
Earth Magic    | 1 2 3 4 5 |  5.2
Poison Magic   | 1 2 3 4 5 |  5.2
Fighting       | 3 4 5 6 |  6.8
Evocations     | 7 8 9 |  9.2
Polearms       | 9 10 | 10.6
Stealth        | 5 6 7 |  7.6

Action                     |  1- 3 |  4- 6 |  7- 9 | 10-12 || total
---------------------------+-------+-------+-------+-------++-------
  Melee: Spear             |   133 |   226 |   159 |   155 ||   673
         Bite              |    12 |    26 |    18 |    20 ||    76
  Throw: Dart              |       |       |       |     3 ||     3
   Cast: Olgreb's Toxic Ra |       |       |       |     3 ||     3
Ability: Evoke Blink       |       |       |       |     1 ||     1
  Evoke: Piece from Xom's  |     1 |    17 |     4 |     6 ||    28
         Wand              |       |       |     4 |    15 ||    19
    Use: Scroll            |     1 |       |     1 |     3 ||     5
         Potion            |       |     7 |     1 |       ||     8
   Stab: Sleeping          |     9 |     7 |     7 |     4 ||    27
         Petrified         |     2 |       |       |       ||     2
         Petrifying        |     1 |       |       |       ||     1
         Distracted        |     1 |       |       |       ||     1
         Paralysed         |       |    10 |       |       ||    10
         Confused          |       |     2 |       |     3 ||     5
 Armour: Leather armour    |    36 |    28 |    36 |    13 ||   113
         Skin              |       |    19 |       |       ||    19
         Steam dragon scal |       |       |       |    10 ||    10
  Dodge: Dodged            |    67 |    60 |    97 |    85 ||   309
  Block: Buckler           |     7 |    37 |    73 |    62 ||   179

Table legend: (Time is in decaauts)
 A = Elapsed time spent in this place.
 B = Non-inter-level travel time spent in this place.
 C = Inter-level travel time spent in this place.
 D = Time resting spent in this place.
 E = Time spent auto-exploring this place.
 F = Levels seen in this place.
 G = Mean time per level.
                   A        B        C        D        E       F      G
               +--------+--------+--------+--------+--------+-----+--------+
         Total |   8758 |   8200 |    558 |    737 |   5758 |   9 |  973.1 |
       Dungeon |   8758 |   8200 |    558 |    737 |   5758 |   9 |  973.1 |
               +--------+--------+--------+--------+--------+-----+--------+

Top non-repeatable levels by time:
     D:7: 1772 daAuts
     D:4: 1428 daAuts
     D:6: 1032 daAuts
     D:3: 1011 daAuts
     D:5: 910 daAuts
     D:8: 845 daAuts
     D:1: 832 daAuts
     D:2: 694 daAuts
     D:9: 230 daAuts
